 Dungeon Crawl Stone Soup version 0.14.1 (webtiles) character file.

132 Quh the Distorting Demonspawn (level 3, -5/29 HPs)
             Began as a Demonspawn Abyssal Knight on Apr 30, 2014.
             Was a Believer of Lugonu.
             Killed from afar by Crazy Yiuf (6 damage)
             ... with a wand of magic darts
             ... on Level 2 of the Dungeon.
             The game lasted 00:04:59 (1418 turns).

Quh the Distorting Demonspawn (DsAK)                Turns: 1418, Time: 00:04:59

HP  -5/29        AC  5     Str 13      XL: 3   Next: 32%
MP   5/5         EV 10     Int 13      God: Lugonu [**....]
Gold 91          SH  0     Dex 12      Spells:  0 memorised,  2 levels left

rFire  . . .     SeeInvis .     a - +1 spear
rCold  . . .     Clarity  .     b - +0 leather armour
rNeg   . . .     Conserve .     (no shield)
rPois  .         rCorr    .     i - +1 helmet
rElec  .         rRot     .     (no cloak)
SustAb . .       Spirit   .     (no gloves)
rMut   .         Warding  .     (no boots)
Saprov . . .     Stasis   .     (no amulet)
MR     .....                    (no ring)
                                (no ring)

@: not resistant to hostile enchantments, fairly stealthy
A: nightstalker 1
a: Depart the Abyss, Bend Space, Renounce Religion


You were on level 2 of the Dungeon.
You worshipped Lugonu.
Lugonu was pleased with you.
You were not hungry.

You visited 1 branch of the dungeon, and saw 2 of its levels.
You visited the Abyss 1 time.

You collected 91 gold pieces.

Inventory:

Hand weapons
 a - a +1,+1 spear (weapon)
 o - a +2,+1 sling
Missiles
 h - 44 darts (quivered)
 l - 23 arrows
 m - 30 bolts
Armour
 b - a +0 leather armour (worn)
 i - a +1 helmet (worn)
Comestibles
 c - a bread ration
 p - a meat ration
Scrolls
 d - a scroll of blinking {unknown}
 e - a scroll of remove curse {unknown}
 f - 2 scrolls of teleportation {unknown}
 g - a scroll of identify {unknown}
 n - a scroll of fear {unknown}
Potions
 j - a potion of paralysis {unknown}
 k - a potion of cure mutation {unknown}


   Skills:
 - Level 3.0 Fighting
 * Level 2.8 Polearms
 - Level 1.7 Armour
 - Level 0.8 Dodging
 * Level 3.6 Invocations


You had 2 spell levels left.
You didn't know any spells.

Dungeon Overview and Level Annotations

Branches:
Dungeon (2/15)

Altars:

Annotations:
D:2 Crazy Yiuf


Innate Abilities, Weirdness & Mutations

You are slightly more attuned to the shadows.


Message History

Found a hammer.
Crazy Yiuf yells, "Ghoul!"
Crazy Yiuf zaps a wand.
The magic dart hits you!
Crazy Yiuf zaps a wand.
The magic dart hits you!
Found a hammer.
You see here a hammer.
Crazy Yiuf hits you with a quarterstaff of chaos!
* * * LOW HITPOINT WARNING * * *
You barely miss Crazy Yiuf.
Crazy Yiuf screams, "Castle hand snail!"
Crazy Yiuf zaps a wand.
The magic dart hits you!
* * * LOW HITPOINT WARNING * * *
You hit Crazy Yiuf.
Crazy Yiuf is lightly wounded.
Crazy Yiuf zaps a wand.
The magic dart hits you!
* * * LOW HITPOINT WARNING * * *
You hit Crazy Yiuf.
Crazy Yiuf is heavily wounded.
Crazy Yiuf zaps a wand.
The magic dart hits you!
You die...

### ## #.. .##### #.. .....##
####### #.. .###..# #.....####..
.# ##.# #.>...'.##.. .# #..####
##### #.....#..... .# #..#..##
###..)# #.....####.. .#
#......####).@g.# #'##### #.. .#
##.....)#..##)..# #.## ### ##
###...#.######## #..# ###########
##.# ###...# ##(#####
#.'.#.####### ######.....>#
#.#.#.....#.# #...........#
#.#.#.#####.### #...........# ##
#.#.#...#...'.###...........####.


You could see Crazy Yiuf.

Vanquished Creatures
  A giant mite (D:2)
  A worm (D:2)
  3 ball pythons
  A bat (D:2)
  3 giant cockroaches (D:1)
  7 goblins
  2 hobgoblins (D:1)
  3 jackals (D:1)
  A kobold (D:1)
  2 giant newts (D:2)
  2 rats (D:1)
26 creatures vanquished.

Notes
Turn   | Place    | Note
--------------------------------------------------------------
     0 | Abyss:1  | Quh, the Demonspawn Abyssal Knight, began the quest for the Orb.
     0 | Abyss:1  | Reached XP level 1. HP: 18/18 MP: 1/1
    47 | Abyss:1  | Noticed a quasit
    47 | D:1      | Escaped the Abyss
   127 | D:1      | Acquired Lugonu's first power
   147 | D:1      | Gained mutation: You are slightly more attuned to the shadows. [demonic ancestry]
   147 | D:1      | Reached XP level 2. HP: 21/24 MP: 2/2
   837 | D:2      | Reached XP level 3. HP: 3/29 MP: 5/5
  1176 | D:2      | Acquired Lugonu's second power
  1411 | D:2      | Noticed Crazy Yiuf
  1417 | D:2      | HP: 1/29 [Crazy Yiuf/wand of magic darts (1)]
  1418 | D:2      | Killed from afar by Crazy Yiuf

Action                   || total
-------------------------++-------
Melee: Spear             ||    74
Invok: Depart the Abyss  ||     1
 Stab: Sleeping          ||     1
